 Dungeon Crawl Stone Soup version 0.28.0-53-g5a82cb258f (webtiles) character file.

Game seed: 14825412441314409597

196 Descartes the Grasshopper (level 6, -2/44 HPs)
             Began as a Formicid Warper on May 28, 2022.
             Slain by Terence
             ... wielding a +2 flail of holy wrath
              (12 damage)
             ... on level 3 of the Dungeon.
             The game lasted 00:04:23 (2958 turns).

Descartes the Grasshopper (Formicid Warper)         Turns: 2958, Time: 00:04:24

Health: -2/44      AC:  3    Str: 15 (18) XL:     6   Next: 4%
Magic:  9/9        EV: 10    Int: 11 (12) God:
Gold:   60         SH:  7    Dex:  9 (10) Spells: 9/9 levels left

rFire   + . .      SeeInvis +   a - +0 hand axe
rCold   . . .      Faith    .   d - +0 kite shield
rNeg    . . .      Spirit   .   l - +1 robe {rF+}
rPois   .          Reflect  .   (helmet unavailable)
rElec   .          Harm     .   (no cloak)
rCorr   .          Rampage  .   (no gloves)
Will    .....                   (no boots)
Stlth   +.........              (no amulet)
HPRegen 0.14/turn               (no ring)
MPRegen 0.11/turn               (no ring)

@: no status effects
A: permanent stasis, dig shafts and tunnels, antennae 3, four strong arms
a: Dig, Shaft Self


You were on level 3 of the Dungeon.
You visited 1 branch of the dungeon, and saw 3 of its levels.

You collected 60 gold pieces.

Inventory:

Hand Weapons
 a - a +0 hand axe (weapon)
Missiles
 c - 5 boomerangs of dispersal (quivered)
 f - 3 javelins
 i - 49 stones
 j - 9 poisoned darts
Armour
 b - a +0 leather armour
 d - a +0 kite shield (worn)
 l - a +1 robe of fire resistance (worn)
Jewellery
 h - a +6 ring of dexterity
Scrolls
 e - 2 scrolls of identify {unknown}
 g - a scroll of magic mapping {unknown}
 p - a scroll of fog {unknown}
 q - a scroll of summoning {unknown}
Potions
 k - a potion of haste {unknown}
 m - a potion of attraction {unknown}
 n - a potion of flight {unknown}
 o - a potion of berserk rage {unknown}


   Skills:
 - Level 2.1 Fighting
 + Level 3.1 Axes
 + Level 2.4 Throwing
 + Level 2.7 Armour
 - Level 1.7 Dodging
 + Level 2.5 Shields
 - Level 2.1 Spellcasting
 + Level 3.4 Translocations


You had 9 spell levels left.
You didn't know any spells.
Your spell library contained the following spells:

 Spells                   Type           Power      Damage    Failure   Level
 Gell's Gravitas          Tloc           8%         N/A       45%         3
 Lesser Beckoning         Tloc           8%         N/A       45%         3
 Teleport Other           Tloc           8%         N/A       45%         3
 Corpse Rot               Necr/Air       2%         N/A       71%         2
 Manifold Assault         Tloc           8%         N/A       99%         5
 Dispel Undead            Necr           1%         3d6       100%        4
 Death Channel            Necr           0%         N/A       100%        6
 Blink                    Tloc           Unusable   N/A       N/A         2

Dungeon Overview and Level Annotations

Branches:
Dungeon (3/15)

Altars:
Hepliaklqana

Annotations:
D:3 Terence


Innate Abilities, Weirdness & Mutations

You cannot be hasted, slowed, berserked, paralysed or teleported.
You can dig through walls and to a lower floor.
You have a pair of large antennae on your head. (SInv)
Your four strong arms can wield two-handed weapons with a shield.


Message History

Found a stone staircase leading up.
There is a stone staircase leading up here.
Terence the Incautious comes into view.
He is wielding a +2 flail of holy wrath and carrying a wand of flame (24).
Terence shouts!
Terence zaps a wand.
The puff of flame hits you. You resist.
Terence zaps a wand.
The puff of flame hits you. You resist.
Terence zaps a wand.
The puff of flame hits you. You resist.
There is a stone staircase leading up here.
You climb upwards.
There is a stone staircase leading down here.
HP restored.
Done exploring.
You climb downwards.
Level annotation: Terence
There is a stone staircase leading up here.
You hit Terence but do no damage.
Terence hits you with a +2 flail of holy wrath!
You hit Terence but do no damage.
Terence zaps a wand.
The puff of flame misses you.
Terence asks, "Do you want it fast or slow?"
Terence zaps a wand.
You block the puff of flame.
You hit Terence but do no damage.
Terence zaps a wand.
The puff of flame hits you. You resist.
You hit Terence but do no damage. Terence shouts, "Now you die!"
Terence closely misses you.
You hit Terence but do no damage.
Terence shouts, "DIE!!!"
You block Terence's attack.
You barely miss Terence.
Terence hits you with a +2 flail of holy wrath. x2
You hit Terence but do no damage.
Terence zaps a wand.
The puff of flame hits you. You resist.
You barely miss Terence.
Terence zaps a wand.
The puff of flame hits you. You resist.
Terence hits you with a +2 flail of holy wrath!
* * * LOW HITPOINT WARNING * * *
You barely miss Terence.
Terence hits you with a +2 flail of holy wrath!
You die...

... .. #.# #. #.# #. #.#
#. #.# #. #.# #. #.#
#.####.####.############
#
........@@.<............
.
#.####..########..######
# #..# ######..## # ##.#
#........# # #.#
#.####..)####### #.#
#...#..##.. #.#
#.......... #.#
#..§...##.# ##.§§§.##.#


You could see Terence.

Vanquished Creatures
  Sigmund (D:3)
  An adder (D:3)
  An orc (D:2)
  An endoplasm (D:2)
  6 goblins
  4 hobgoblins
  4 jackals (D:3)
  A kobold (D:2)
  A quokka (D:1)
  2 ball pythons
  A bat (D:1)
  A rat (D:3)
24 creatures vanquished.

Notes
Turn   | Place    | Note
-------+----------+-------------------------------------------
     0 | D:1      | Descartes the Formicid Warper began the quest for the Orb.
     0 | D:1      | Reached XP level 1. HP: 16/16 MP: 3/3
   109 | D:1      | You fall into a shaft and drop 1 floor!
   572 | D:2      | Reached XP level 2. HP: 13/22 MP: 5/5
  1897 | D:3      | Reached skill level 1 in Shields
  1967 | D:3      | Found a faded altar of an unknown god.
  2107 | D:3      | Noticed Sigmund
  2118 | D:3      | Reached XP level 3. HP: 27/27 MP: 6/6
  2131 | D:3      | Killed Sigmund
  2132 | D:3      | Reached XP level 4. HP: 7/33 MP: 7/7
  2132 | D:3      | Reached XP level 5. HP: 8/38 MP: 8/8
  2142 | D:3      | Reached XP level 6. HP: 19/44 MP: 9/9
  2848 | D:3      | Found a hazy altar of Hepliaklqana.
  2849 | D:3      | Found a faded altar of an unknown god.
  2878 | D:3      | Noticed Terence
  2958 | D:3      | Slain by Terence

Illustrated notes

Levels and vault maps discovered:
D:1:      dpeg_arrival_windows_large_door, layout_loops_ring, kennysheep_boxes
D:2:      layout_basic
D:3:      layout_loops_ring, beargit_hepliaklqana_dungeon_heroes,
          amcnicky_altar_gilded, shapermc_ecumenical_altar_hornbeckon,
          uniq_terence, uniq_jessica, uniq_sigmund

Skill      XL: |  1  2  3 |
---------------+----------+-----
Shields        | 1 2 |  2.5
Axes           | 3 |  3.1
Throwing       | 2 |  2.4
Armour         | 2 |  2.7
Translocations | 3 |  3.4
Fighting       | |  2.1
Dodging        | |  1.7
Spellcasting   | |  2.1

Action                   |  1- 3 |  4- 6 || total
-------------------------+-------+-------++-------
Melee: Hand axe          |    61 |    46 ||   107
       Punch             |     1 |     1 ||     2
  Use: Potion            |       |     3 ||     3
Armor: Leather armour    |    16 |     6 ||    22
       Skin              |       |    11 ||    11
Dodge: Dodged            |    32 |    14 ||    46
Block: Kite shield       |       |     2 ||     2
